 Dungeon Crawl Stone Soup version 0.30-a0-626-gd6a5dd7a1f (webtiles) character file.

Game seed: 8635100289917937567

457 Mitcholas the Shooter (level 6, 0/54 HPs)
             Began as a Deep Elf Hunter on Jan 11, 2023.
             Succumbed to Ijyb's poison
             ... on level 4 of the Dungeon.
             The game lasted 00:06:26 (2933 turns).

Mitcholas the Shooter (Deep Elf Hunter)             Turns: 2933, Time: 00:06:26

Health: 0/54       AC: 23    Str:  8    XL:     6   Next: 77%
Magic:  8/8        EV:  2    Int: 14    God:
Gold:   137        SH:  0    Dex: 20    Spells: 5/5 levels left

rFire   + . .      SeeInvis .    a - +0 shortbow
rCold   . . .      Faith    .    (shield currently unavailable)
rNeg    . . .      Spirit   .    (body armour currently unavailable)
rPois   +          Reflect  .    (helmet currently unavailable)
rElec   .          Harm     .    (cloak currently unavailable)
rCorr   .          Rampage  .    (gloves currently unavailable)
Will    .....      NoTele   +    (boots currently unavailable)
Stlth   +++                      (no amulet)
HPRegen 0.29/turn                s - ring of protection from fire
MPRegen 0.11/turn                (no ring)

@: lethally poisoned (0 -> -7), tree-form
A: stationary, stasis, torment immunity, boosted hp
a: no special abilities


You were on level 4 of the Dungeon.
You were a tree.
You visited 1 branch of the dungeon, and saw 4 of its levels.

You collected 137 gold pieces.

Inventory:

Hand Weapons
 a - a +0 shortbow (weapon)
Missiles
 n - 6 datura-tipped darts
Armour
 c - a +0 leather armour (melded)
 r - a scarf of resistance (melded)
Jewellery
 s - a ring of protection from fire (left branch)
Scrolls
 b - a scroll of immolation
 i - 3 scrolls of teleportation {unknown}
 l - 3 scrolls of blinking {unknown}
 m - a scroll of enchant armour {unknown}
 q - a scroll of summoning {unknown}
Potions
 d - a potion of haste {unknown}
 g - a potion of lignification
 h - a potion of might
 j - a potion of heal wounds
 k - 2 potions of magic
 o - a potion of brilliance {unknown}
 p - a potion of mutation {unknown}


   Skills:
 + Level 2.7 Fighting
 * Level 7.6 Ranged Weapons
 + Level 2.0 Armour
 + Level 4.2 Dodging
 + Level 3.6 Stealth


You had 5 spell levels left.
You didn't know any spells.
Your spell library contained the following spells:

 Spells                   Type           Power      Damage    Failure   Level
 Kiss of Death            Conj/Necr      0%         2d5       28%         1
 Slow                     Hex            0%         N/A       28%         1
 Static Discharge         Conj/Air       0%         2-2/arc   41%         2
 Confusing Touch          Hex            0%         N/A       65%         3
 Vampiric Draining        Necr           0%         2d6       65%         3
 Vhi's Electric Charge    Tloc/Air       0%         N/A       65%         3
 Dispel Undead            Necr           0%         3d6       96%         4
 Arcjolt                  Conj/Air       0%         1d10      100%        5
 Lightning Bolt           Conj/Air       0%         1d11      100%        5


Dungeon Overview and Level Annotations

Branches:
Dungeon (4/15)
 Temple: D:4-7

Altars:
Ashenzari

Shops:
D:4 *

Annotations:
D:4 Ijyb


Message History

Ijyb is severely wounded.
Ijyb hits you with a +1 dagger of venom.
Ijyb screams, "You nasty!
Big nasty!"
Ijyb hits you but does no damage.
You are poisoned.
You shoot an arrow. The arrow closely misses Ijyb.
You feel very sick. Ijyb hits you but does no damage.
You shoot an arrow. The arrow hits Ijyb but does no damage.
Ijyb is severely wounded.
You feel sick. Ijyb hits you but does no damage.
You shoot an arrow. The arrow barely misses Ijyb.
You feel sick.
Ijyb hits you with a +1 dagger of venom.
You are more poisoned.
You shoot an arrow. The arrow closely misses Ijyb.
* * * LOW HITPOINT WARNING * * *
You feel very sick. Ijyb hits you but does no damage.
You shoot an arrow. The arrow hits Ijyb.
Ijyb is almost dead.
You feel very sick. Ijyb hits you but does no damage.
You are lethally poisoned!
You shoot an arrow. The arrow hits Ijyb but does no damage.
Ijyb is almost dead.
* * * LOW HITPOINT WARNING * * *
You feel very sick. Ijyb hits you but does no damage.
You shoot an arrow. The arrow hits Ijyb.
Ijyb is almost dead.
* * * LOW HITPOINT WARNING * * *
You feel very sick. Ijyb hits you but does no damage.
You shoot an arrow. The arrow hits Ijyb but does no damage.
Ijyb is almost dead.
* * * LOW HITPOINT WARNING * * *
You feel very sick. Ijyb hits you but does no damage. x2
You shoot an arrow. The arrow closely misses Ijyb.
You die...

'#.##### #+#.#####.........
.#.'...+ #.'...+.#......<
####...### #####...###..##...
.#.......# +.#.......#..###).
.#'#...#+# ###.#'#...#+#.......
...#...# #.....#...#.#.......
...##+## +.....##+##.........
...#...# #.....#........##..#
.#+#...#+# ###♣#'#....##..##..#
.#.......# +...g.#..##. ##'##..#
####)..### #...#######+###......#
...'...†.#..... #.......#......#
...#####.#+#.. #+#......##..##..#
...###.....#.. #....##..##'###..#
...#.+.....##+###...##..##...#..#
.....#.....#........##..##...#..#
.....###.#'#............#....#...


You could see Ijyb.

Vanquished Creatures
  A black bear (D:4)
  A phantom (D:4)
  A kobold brigand (D:4)
  A scorpion (D:4)
  An iguana (D:4)
  6 adders
  A worm (D:4)
  A dart slug (D:4)
  8 orcs
  10 ball pythons
  6 endoplasms
  A giant cockroach (D:1)
  3 goblins
  4 hobgoblins
  2 jackals (D:1)
  3 quokkas
  6 bats
  4 frilled lizards
  9 kobolds
  4 rats
73 creatures vanquished.

Notes
Turn   | Place    | Note
-------+----------+-------------------------------------------
     0 | D:1      | Mitcholas the Deep Elf Hunter began the quest for the Orb.
     0 | D:1      | Reached XP level 1. HP: 12/12 MP: 3/3
   254 | D:1      | Reached XP level 2. HP: 17/17 MP: 4/4
   678 | D:2      | Found a broken altar of Ashenzari.
   843 | D:2      | Reached XP level 3. HP: 7/21 MP: 5/5
  1035 | D:2      | Reached skill level 6 in Ranged Weapons
  1193 | D:2      | Reached skill level 1 in Armour
  1339 | D:2      | Reached XP level 4. HP: 19/26 MP: 6/6
  2163 | D:4      | Found Qok Husive's Elemental Accessories.
  2297 | D:4      | Noticed a scorpion
  2302 | D:4      | Killed a scorpion
  2303 | D:4      | Reached XP level 5. HP: 30/30 MP: 7/7
  2419 | D:4      | Reached skill level 7 in Ranged Weapons
  2510 | D:4      | Reached XP level 6. HP: 25/36 MP: 8/8
  2902 | D:4      | Noticed Ijyb
  2932 | D:4      | HP: 2/54 [poisoned by Ijyb]
  2933 | D:4      | Succumbed to Ijyb's poison

Illustrated notes

Levels and vault maps discovered:
D:1:      dpeg_arrival_orchard, layout_basic
D:2:      layout_basic, basic_altar, reono_crystal_passage, minivault_4
D:3:      layout_loops_ring, minmay_stone_trees_small
D:4:      nicolae_cairo_tiling_large, layout_gridville,
          minmay_misc_feat_more_columns, nicolae_elemental_shop, uniq_ijyb

Skill      XL: |  1  2  3  4  5  6 |
---------------+-------------------+-----
Stealth        | 2 3 |  3.6
Dodging        | 3 4 |  4.2
Ranged Weapons | 6 7 |  7.6
Fighting       | 2 |  2.7
Armour         | 1 2 |  2.0

Action                   |  1- 3 |  4- 6 || total
-------------------------+-------+-------++-------
 Fire: Shortbow          |    80 |   138 ||   218
  Use: Potion            |       |     6 ||     6
       Scroll            |       |     5 ||     5
Armor: Leather armour    |    13 |     8 ||    21
       Skin              |       |    11 ||    11
Dodge: Dodged            |    19 |    33 ||    52

Table legend: (Time is in decaauts)
 A = Elapsed time spent in this place.
 B = Non-inter-level travel time spent in this place.
 C = Inter-level travel time spent in this place.
 D = Time resting spent in this place.
 E = Time spent auto-exploring this place.
 F = Levels seen in this place.
 G = Mean time per level.
                   A        B        C        D        E       F      G
               +--------+--------+--------+--------+--------+-----+--------+
         Total |   2989 |   2921 |     68 |    246 |   2246 |   4 |  747.2 |
       Dungeon |   2989 |   2921 |     68 |    246 |   2246 |   4 |  747.2 |
               +--------+--------+--------+--------+--------+-----+--------+

Top non-repeatable levels by time:
     D:2: 902 daAuts
     D:4: 796 daAuts
     D:1: 683 daAuts
     D:3: 606 daAuts
